[Event "*** Titled Tuesday Blitz"]
[Site "Chess.com"]
[Date "2021.02.16"]
[Round "5"]
[White "Shuvalov"]
[Black "jacky72"]
[Result "0-1"]
[WhiteElo "2523"]
[BlackElo "2701"]
[TimeControl "180+1"]
[EndTime "10:59:00 PST"]
[Termination "jacky72 won by resignation"]

1. Nf3 Nf6 2. c4 g6 3. Nc3 Bg7 4. d4 d6 5. e4 O-O 6. Be2 Na6 7. O-O e5 8. Be3 c6 9. Qc2 Qe8 10.
Rfe1 Ng4 11. Qd2 Nxe3 12. Qxe3 exd4 13. Nxd4 Nc5 14. Rad1 Qe7 15. Bf1 a5 16. Nb3 Nxb3 17. axb3 Be6 18. Qb6 Rfd8 19. Na4 Ra6 20. Qe3 Raa8 21.
Nb6 Rab8 22. Nd5 Bxd5 23. exd5 Qxe3 24. Rxe3 Bxb2 25. Re7 Ba3 26. g3 Kf8 27. Re2 Re8 28. Rxe8+ Kxe8 29. Bg2 Kd7 30. Bh3+ f5 31. g4 fxg4 32.
Bxg4+ Ke7 33. Re1+ Kf7 34. Bd7 cxd5 35. Be6+ Kf6 36.
Bxd5 b5 37. Re6+ Kf5 38. Re7 bxc4 39. Bxc4 d5 40. Bd3+ Kf6 41. Rxh7 Rxb3 42. Bc2 Rb2 43. Bd3 Bc5 44. Rh6 Rxf2 45. Rxg6+ Ke5 46. Rc6 Be3 47. Kh1 Kd4 48. Bb5 Bf4 49. h4 Rh2+ 50. Kg1 Rxh4 51. Ra6 Bd2 52. Kg2 Rf4 53. Kg3 Rf8 54.
Bc6 Kc4 55. Bb7 d4 56. Rc6+ Kb3 57. Rb6+ Bb4 58. Bd5+ Kb2 59. Be4 Kc3 60. Rc6+ Kd2 61. Rc7 Ke3 62. Bg6 Bd6+ 63. Kg4 Rf4+ 64. Kg5 Bxc7 0-1

[Event "*** Titled Tuesday Blitz"]
[Site "Chess.com"]
[Date "2021.02.16"]
[Round "5"]
[White "Lion-Al-Messi"]
[Black "frankshar"]
[Result "0-1"]
[WhiteElo "2505"]
[BlackElo "2391"]
[TimeControl "180+1"]
[EndTime "10:59:01 PST"]
[Termination "frankshar won by resignation"]

1. e4 c6 2. Nf3 d5 3. Nc3 Nf6 4. e5 Ne4 5. Ne2 Qb6 6. d4 e6 7. Ng3 c5 8. c3 Bd7 9. Bd3 cxd4 10. Nxe4 dxe4 11. Bxe4 dxc3 12. bxc3 Bc6 13. Be3 Qc7 14. Nd2 Qxe5 15. Bd4 Qc7 16. O-O Bd6 17. Qg4 Bxh2+ 18. Kh1 Be5 19. f4 Bxd4 20. cxd4 f5 21. Qh5+ Qf7 22. Bxc6+ Nxc6 23. Qf3 O-O 24. Nb3 Rfd8 25. Rad1 Rd5 26. Rfe1 Rad8 27. Qf2 b6 28. Kg1 Qf6 29. Rc1 Nxd4 30. Rc7 Nxb3 31. axb3 Rd1 32. Rxa7 Qd4 33. Rxd1 Qxd1+ 34. Qf1 Qxf1+ 35. Kxf1 Rd4 36. g3 Rb4 37. Re7 Rxb3 38. Kf2 Rb2+ 39. Kf3 Rb3+ 40. Kf2 b5 41. Rxe6 Kf7 42. Rb6 b4 43. Kg2 Rb2+ 44. Kh3 h6 45. g4 fxg4+ 46. Kxg4 b3 47. Kf5 Rb1 48. Rb7+ Ke8 49. Rxg7 b2 50. Rb7 h5 51. Kf6 h4 52. f5 h3 53. Rb8+ Kd7 54. Kf7 h2 55.
Rb7+ Kc6 56. Rxb2 Rxb2 57. Ke8 Re2+ 58. Kd8 0-1

[Event "*** Titled Tuesday Blitz"]
[Site "Chess.com"]
[Date "2021.02.16"]
[Round "5"]
[White "MPGM"]
[Black "AlexTriapishko"]
[Result "0-1"]
[WhiteElo "2607"]
[BlackElo "2834"]
[TimeControl "180+1"]
[EndTime "10:59:04 PST"]
[Termination "AlexTriapishko won by resignation"]

1. c4 c5 2. Nc3 Nc6 3. g3 g6 4.
Bg2 Bg7 5. b3 e5 6. Bb2 Nge7 7.
e3 O-O 8. Nge2 d6 9. O-O h5 10. h3 Be6 11. Nd5 Qd7 12. Kh2 Bxd5 13. cxd5 Nb4 14.
Nc3 Nd3 15. Ba3 f5 16. Qe2 e4 17. f3 exf3 18. Bxf3 Nb4 19. Bb2 Kh7 20. d3 b5 21.
a3 Na6 22. g4 h4 23. Rae1 b4 24. axb4 Nxb4 25. Rg1 Be5+ 26. Kh1 Rae8 27. Na4 Bxb2 28. Nxb2 Nexd5 29. gxf5 Qxf5 30. Be4 Qxh3+ 31. Qh2 Qxh2+ 32. Kxh2 Rf2+ 33. Kh3 Rxe4 34. dxe4 Nc3 35. Nc4 Nxe4 36. Rg4 Rf3+ 37. Kg2 Rg3+ 38. Rxg3 hxg3 39. Ra1 a6 40.
Rd1 d5 41. Ne5 Nc2 42. Ng4 Nc3 43. Rd3 Ne1+ 44. Kxg3 Nxd3 45. e4 Nxe4+ 46. Kf3 Nc3 47. Ke3 Nb4 48. Kd2 Nb5 49. Nf6+ Kg7 50. Nd7 Nd4 51. Nxc5 a5 52. Kc3 Ndc6 53. Nd7 Kf7 54.
Nc5 Ke7 55. Na4 Kd6 56. Nb2 g5 57. Nd1 g4 58. Ne3 d4+ 59. Kc4 dxe3 0-1

[Event "*** Titled Tuesday Blitz"]
[Site "Chess.com"]
[Date "2021.02.16"]
[Round "5"]
[White "AryanTari"]
[Black "PavelShkapenko"]
[Result "1/2-1/2"]
[WhiteElo "2902"]
[BlackElo "2705"]
[TimeControl "180+1"]
[EndTime "10:59:08 PST"]
[Termination "Game drawn by repetition"]

1. d4 Nf6 2. Nf3 e6 3. Bf4 c5 4. e3 cxd4 5. exd4 b6 6. Bd3 Bb7 7. O-O Be7 8. c3 O-O 9. h3 d6 10. Bh2 a6 11. a4 Nbd7 12. Nbd2 Re8 13. Re1 Bf8 14. Nc4 Qc7 15. Nfd2 Qc6 16. Bf1 h6 17.
Ne3 Nd5 18. c4 Nxe3 19. Rxe3 d5 20. Rc1 Nf6 21. Nf3 dxc4 22. Rxc4 Qd5 23. Rc7 Re7 24.
Rec3 Rxc7 25. Rxc7 b5 26. Ne5 Rc8 27. Rxf7 Bd6 28. Rxf6 gxf6 29. Qg4+ Kf8 30. Nd7+ Kf7 31. Bxd6 Qxd6 32. Qh5+ Ke7 33. Nc5 Bc6 34. Qxh6 Qxd4 35. Qg7+ Kd6 36. Qa7 Qxc5 37. Qg7 Qe5 38. b3 bxa4 39.
bxa4 Rb8 40. Qa7 Rb1 41. Qxa6 Qd5 42. Kh2 Qd4 43. Qe2 Qf4+ 44. Kg1 Rb4 45. a5 Qd4 46. a6 Rb2 47. Qe1 Ra2 48. Qb1 Ra4 49. Qe1 f5 50.
h4 Qxh4 51. Qd1+ Qd4 52. Qc1 Rc4 53. Qb1 Rb4 54. Qc1 Ra4 55. Qb1 Ra1 56. Qb8+ Kd5 57. Qd8+ Ke5 58. Qh8+ Kd5 59. Qd8+ Ke5 60. Qh8+ Kd5 61.
Qd8+ 1/2-1/2

[Event "*** Titled Tuesday Blitz"]
[Site "Chess.com"]
[Date "2021.02.16"]
[Round "5"]
[White "German_Bazeev"]
[Black "AliKa2810"]
[Result "1-0"]
[WhiteElo "2730"]
[BlackElo "2554"]
[TimeControl "180+1"]
[EndTime "10:59:09 PST"]
[Termination "German_Bazeev won by resignation"]

1. d4 Nf6 2. Nf3 d5 3. c4 e6 4. g3 Bb4+ 5. Bd2 Bd6 6. Bg2 O-O 7. O-O c6 8. Bg5 Nbd7 9. Qc2 h6 10. Bxf6 Nxf6 11.
Nbd2 b6 12. e4 dxe4 13. Nxe4 Nxe4 14. Qxe4 Bb7 15. Ne5 Rc8 16. Rad1 Qc7 17. c5 bxc5 18. Nd7 Rfd8 19. Nxc5 Qb6 20. Qc2 e5 21. Bh3 Rb8 22. Nd7 Rxd7 23. Bxd7 exd4 24. Bh3 c5 25. b3 Qc6 26. f3 Ba6 27. Rfe1 Qxf3 28. Bg2 Qg4 29. Qe4 Qxe4 30. Bxe4 Bb7 31. Bxb7 Rxb7 32. Re8+ Kh7 33. Kg2 h5 34. Kf3 Kg6 35. Ke4 Rd7 36. Kd3 h4 37.
gxh4 Bxh2 38. Rd2 Bd6 39. Rg2+ Kf6 40. h5 Bf4 41. Re4 Be3 42. Rc2 g6 43. hxg6 fxg6 44. Rxc5 g5 45. b4 Rh7 46. a4 Rh2 47. Re8 Rd2+ 48. Kc4 Rc2+ 49. Kd5 d3 50. Rxe3 d2 51. Rd3 Rb2 52. Rc4 Kf5 53. Rcd4 g4 54. Rxd2 Rb3 55. Rf2+ Kg5 56. Rg2 g3 57. b5 Ra3 58. Kc5 Rc3+ 59.
Kb4 Rf3 60. Rc4 Re3 61. Rc1 Rf3 62. Rcg1 Kg4 63. Rxg3+ Rxg3 64. Rxg3+ Kxg3 65. a5 1-0

[Event "*** Titled Tuesday Blitz"]
[Site "Chess.com"]
[Date "2021.02.16"]
[Round "5"]
[White "AttilaTurzo"]
[Black "tteshan"]
[Result "0-1"]
[WhiteElo "2483"]
[BlackElo "2353"]
[TimeControl "180+1"]
[EndTime "10:59:10 PST"]
[Termination "tteshan won by resignation"]

1. d4 d5 2. Bf4 Nf6 3. e3 c5 4. c3 Nc6 5. Nd2 Bf5 6. Qb3 Qb6 7.
dxc5 Qxb3 8. axb3 e5 9. Bg3 Bxc5 10. b4 Bd6 11. Ngf3 O-O 12. b5 Ne7 13. Bxe5 Bxe5 14.
Nxe5 Rfe8 15. Be2 Nc8 16. Nef3 Nd6 17. O-O Bd7 18. Nd4 Nfe4 19. Rfd1 Nc5 20. Kf1 g5 21. N2b3 Nxb3 22. Nxb3 Bxb5 23. Bxb5 Nxb5 24. Rxd5 a6 25. Rxg5+ Kf8 26. Nc5 Red8 27. Ke2 Nd6 28. Rd1 Nc4 29. b3 Rxd1 30. Kxd1 Rd8+ 31. Ke2 Na5 32. Ne6+ fxe6 33. Rxa5 Rd7 34. c4 Rg7 35. g3 Ke7 36. Re5 Kd6 37.
Re4 Rg5 38. f4 Ra5 39. Rd4+ Ke7 40. Kf3 Ra2 41. h4 Ra3 42. Rd3 a5 43. e4 a4 44. Ke3 axb3 45. Kd2 b2 46. Rxa3 b1=Q 47. Rd3 Qb4+ 48. Rc3 Qb2+ 49. Rc2 Qd4+ 50. Kc1 Qxe4 51. Kb2 Qe3 52. Rc3 Qf2+ 53. Kb3 Qd4 54. c5 Qd5+ 55. Kb4 Kd7 56. Rc2 Kc6 57. Rc3 Qd4+ 58. Kb3 Kd5 59. Kc2 Qf2+ 60. Kb3 Qe1 61. Kc2 Qe2+ 62. Kb3 Kd4 63.
Rc4+ Qxc4+ 0-1

[Event "*** Titled Tuesday Blitz"]
[Site "Chess.com"]
[Date "2021.02.16"]
[Round "5"]
[White "AlexPapasimakopoulos"]
[Black "Gusarov91"]
[Result "1-0"]
[WhiteElo "2624"]
[BlackElo "2420"]
[TimeControl "180+1"]
[EndTime "10:59:11 PST"]
[Termination "AlexPapasimakopoulos won by resignation"]

1. d4 Nf6 2. c4 g6 3. Nc3 d5 4.
Nf3 Bg7 5. Qb3 dxc4 6. Qxc4 O-O 7. e4 a6 8. Be2 b5 9. Qb3 Nc6 10. d5 Na5 11. Qb4 c6 12. Be3 cxd5 13. exd5 Bg4 14. O-O Bxf3 15. Bxf3 Nc4 16. Rfe1 Nxe3 17.
Rxe3 Qd6 18. a3 Rfe8 19. Rae1 Qxb4 20. axb4 Ra7 21. d6 e6 22. Ra1 Rb8 23. Rd3 Nd7 24. Rd2 Bxc3 25. bxc3 Rc8 26. Ra3 Ne5 27. Be2 Rca8 28. f4 Nd7 29. Rda2 Rc8 30. Bxb5 Nf6 31. d7 Nxd7 32. Rxa6 Rxa6 33. Rxa6 Nf6 34. Rc6 Rb8 35. Bd3 Nd5 36. g3 h5 37. Be4 Nf6 38. Bf3 h4 39.
Kf2 hxg3+ 40. hxg3 Kg7 41. Ke3 Nd7 42. Kd4 Kf6 43. Rc7 e5+ 44. Ke3 Rd8 45. b5 exf4+ 46. gxf4 Re8+ 47. Kd4 Rd8 48. Bd5 Kf5 49. Bxf7 Ne5+ 50. Bd5 Kxf4 51. c4 Nf3+ 52. Kc5 Ne5 53. b6 g5 54. b7 Nd3+ 55. Kb6 Ne5 56. Rc8 Rd6+ 57. Kc7 Rd7+ 58. Kb6 Rd6+ 59. Ka7 Rd7 60. Ka8 Rxb7 61. Kxb7 g4 62. Rf8+ Ke3 63. c5 Kd4 64. c6 Kxd5 65. c7 Nd7 66. Rd8 Kd6 67. Rxd7+ Kxd7 68. c8=Q+ Kd6 69. Qxg4 1-0

[Event "*** Titled Tuesday Blitz"]
[Site "Chess.com"]
[Date "2021.02.16"]
[Round "5"]
[White "SilviusTiberius"]
[Black "ChessFighter1975"]
[Result "1-0"]
[WhiteElo "2574"]
[BlackElo "2402"]
[TimeControl "180+1"]
[EndTime "10:59:12 PST"]
[Termination "SilviusTiberius won by checkmate"]

1. e4 d6 2. d4 Nf6 3. Nc3 Nbd7 4.
f4 e5 5. Nf3 exd4 6. Qxd4 c6 7.
Bd2 d5 8. exd5 Bc5 9. Qc4 Qe7+ 10. Be2 Nb6 11. Qb3 O-O 12. O-O-O cxd5 13. Rhe1 d4 14. Nb5 Be6 15. Qd3 a6 16. Nbxd4 Rfd8 17. Bf1 Bc4 18. Qc3 Nfd5 19. Rxe7 Nxc3 20. Bxc3 Bxe7 21. Bxc4 Nxc4 22. Re1 Bf6 23. g4 Re8 24. Rd1 Ne3 25. Rg1 Nd5 26. Bd2 Re4 27. Nf5 Nxf4 28. Kb1 Ne2 29. Rf1 Rxg4 30. c3 Re8 31. Rf2 Ng1 32.
N3d4 Bxd4 33. Nxd4 Nh3 34. Rf3 Rg1+ 35. Kc2 Ng5 36. Rf5 Ne4 37. Bf4 Rg2+ 38. Kb3 g6 39.
Rd5 Nd2+ 40. Ka3 Nc4+ 41. Kb3 Nb6 42. Rd6 Nc8 43. Rd7 Rg4 44. Bg3 Nb6 45. Rxb7 Nd5 46. Nf3 h5 47. Ne5 Rf8 48. Nd7 Rd8 49. c4 Nf4 50. Nf6+ Kg7 51. Nxg4 hxg4 52. Bxf4 Rd4 53. Be5+ Kh7 54. Bxd4 g3 55. Rxf7+ Kh6 56. Rf1 a5 57. hxg3 a4+ 58. Kxa4 g5 59. Kb5 Kg6 60. Rf6+ Kh5 61. Be3 g4 62. Rf5+ Kg6 63. Rg5+ Kh7 64. Rxg4 Kh8 65.
Kc6 Kh7 66. Kd7 Kh8 67. Ke7 Kh7 68. Kf7 Kh8 69. Rh4# 1-0

[Event "*** Titled Tuesday Blitz"]
[Site "Chess.com"]
[Date "2021.02.16"]
[Round "5"]
[White "stolencandy13"]
[Black "stepanosinovsky"]
[Result "0-1"]
[WhiteElo "2476"]
[BlackElo "2299"]
[TimeControl "180+1"]
[EndTime "10:59:13 PST"]
[Termination "stepanosinovsky won by checkmate"]

1. e4 e5 2. Nf3 Nc6 3. Nc3 Nf6 4. d4 exd4 5. Nxd4 Bb4 6. Nxc6 bxc6 7. Bd3 O-O 8. O-O Re8 9. h3 Bxc3 10. bxc3 Nxe4 11. c4 d5 12. cxd5 cxd5 13. Bb2 Rb8 14. Rb1 Qg5 15. f4 Qg6 16. Qf3 Bf5 17. Bxe4 Bxe4 18. Qg4 Bxc2 19.
Qxg6 hxg6 20. Rbc1 Rxb2 21. Rf2 Rxa2 22. Rfxc2 Rxc2 23.
Rxc2 a5 24. Rxc7 Ra8 25. Rd7 a4 26. Rxd5 a3 27. Rd1 a2 28. Ra1 Kf8 29. Kf2 Ke7 30. Ke3 Kd6 31. Kd4 Kc6 32. Kc4 Kd6 33. Kd4 Ke6 34. g4 Ra4+ 35. Ke3 Kd5 36. Rd1+ Kc4 37. Ra1 Kb3 38. f5 Kb2 39. Re1 a1=Q 40. Re2+ Kc3 41. fxg6 fxg6 42. Kf3 Qc1 43. Re3+ Kd2 44. Re2+ Kd3 45. Re8 Qf1+ 46. Kg3 Qg1+ 47. Kf3 Qd4 48. Re1 Ra2 49. Rf1 Re2 50. Kg3 Rd2 51. Kh4 Qe3 52.
Rf8 g5+ 53. Kh5 Rh2 54. Kg6 Ke2 55.
Kxg7 Rxh3 56. Kg6 Rf3 57. Ra8 Rf4 58. Ra2+ Kf3 59. Rg2 Re4 60. Rh2 Re6+ 61. Kf7 Re7+ 62. Kf8 Re8+ 63. Kg7 Qe7+ 64. Kg6 Rg8+ 65. Kf5 Rf8+ 66.
Kg6 Qf6+ 67. Kh5 Rh8# 0-1

[Event "*** Titled Tuesday Blitz"]
[Site "Chess.com"]
[Date "2021.02.16"]
[Round "5"]
[White "MaxLeto"]
[Black "ehrenfeld"]
[Result "1-0"]
[WhiteElo "2353"]
[BlackElo "2489"]
[TimeControl "180+1"]
[EndTime "10:59:17 PST"]
[Termination "MaxLeto won on time"]

1. g4 e5 2. Bg2 d5 3. d4 e4 4. g5 Ne7 5. c4 c6 6. h4 Nf5 7. Nc3 Na6 8. Bf4 Bd6 9. Bxd6 Qxd6 10. e3 Nb4 11. Bf1 O-O 12. a3 Na6 13. c5 Qe7 14. Nge2 Nc7 15. Nf4 f6 16. g6 h6 17.
Be2 Ne6 18. Nxe6 Bxe6 19. Bg4 Qd7 20. Be2 Ne7 21. Qd2 f5 22. O-O-O f4 23. exf4 Qc7 24. f3 Rxf4 25. fxe4 dxe4 26. Rde1 Raf8 27. Bd1 Bd5 28. Rh2 Nxg6 29. h5 Nh4 30. Kb1 Nf3 31. Bxf3 exf3 32.
Nxd5 cxd5 33. Rf2 Qf7 34. Ref1 Qxh5 35. Qe3 Qf5+ 36. Ka2 Re4 37. Qb3 Rf4 38. Qc3 g5 39. Qb3 g4 40. Qxb7 g3 41. Rg1 Rg4 42. Qc7 gxf2 43. Rf1 Rg7 44. Qd6 Rg2 45. Qxh6 Rf6 46. Qh4 Rfg6 47. Rg1 Rxg1 48. Qd8+ Kh7 49. c6 Rg8 50.
Qh4+ Kg6 51. c7 f1=Q 52. Qe7 Q1b1+ 53. Kb3 Qfc2+ 54. Kb4 Qbxb2+ 55. Ka5 Qcc3+ 56. Ka6 Qcxa3+ 57. Qxa3 Qxa3+ 58. Kb7 Qb4+ 59. Kc6 Qc4+ 60. Kd7 Qxd4 61.
c8=Q 1-0

[Event "*** Titled Tuesday Blitz"]
[Site "Chess.com"]
[Date "2021.02.16"]
[Round "5"]
[White "Firouzja2003"]
[Black "Grandelicious"]
[Result "1-0"]
[WhiteElo "3088"]
[BlackElo "2886"]
[TimeControl "180+1"]
[EndTime "10:59:18 PST"]
[Termination "Firouzja2003 won by resignation"]

1. d4 d5 2. Bg5 f6 3. Bf4 Nc6 4. Nf3 Bf5 5. e3 e6 6. c4 Nb4 7.
Na3 g5 8. Bg3 h5 9. h4 g4 10. Nd2 Ne7 11. Be2 c6 12. O-O Bg6 13. cxd5 exd5 14. e4 dxe4 15. Nac4 Ned5 16. Qb3 a5 17. a3 a4 18. Qd1 Na6 19. Re1 Be7 20. Bf1 f5 21. Ne5 Bh7 22. Qxa4 Nc5 23. Qc4 Ne6 24.
Nxc6 bxc6 25. Qxc6+ Kf7 26. Nc4 Bg8 27. Ne5+ Kg7 28.
Bc4 Nec7 29. Qg6+ Kf8 30. Qxf5+ Kg7 31. Rxe4 Rh6 32. Rae1 Qf8 33. Qxf8+ Bxf8 34. Nd7 Rd8 35. Be5+ Kg6 36. Bd3 Kf7 37. Nxf8 Kxf8 38. Rc1 Rd7 39. Ree1 Bh7 40. Bxh7 Rhxh7 41. Rc5 Rhf7 42. g3 Ne6 43. Rc6 Nd8 44. Rh6 Rh7 45. Rg6 Nf7 46. Rc1 Nxe5 47.
dxe5 Rhe7 48. Rg5 Nc7 49. Rxh5 Rd2 50. Rf5+ Ke8 51. Rc4 Rxb2 52. Rxg4 Nd5 53. Rd4 Nc3 54. Kg2 Ra7 55. Rd3 Rxa3 56. Rff3 Rc2 57. h5 Ke7 58. h6 Rc1 59. h7 Raa1 60. Rxc3 Rh1 61. Rc7+ Kd8 62. Rff7 Rag1+ 63. Kf3 Rxh7 64. Rxh7 Rd1 65. Kg4 Rd3 66. Kh3 1-0

[Event "*** Titled Tuesday Blitz"]
[Site "Chess.com"]
[Date "2021.02.16"]
[Round "5"]
[White "MagzyPotato"]
[Black "chescomhuynya"]
[Result "0-1"]
[WhiteElo "2419"]
[BlackElo "2588"]
[TimeControl "180+1"]
[EndTime "10:59:18 PST"]
[Termination "chescomhuynya won by checkmate"]

1. d4 Nf6 2. c4 g6 3. Nc3 Bg7 4. e4 d6 5. Nf3 O-O 6. Be2 e5 7. O-O Nc6 8. d5 Ne7 9. b4 Nh5 10. Re1 f5 11. a4 Nf6 12. Ba3 Nxe4 13. Nxe4 fxe4 14. Ng5 Nf5 15. Nxe4 Nd4 16. c5 Qh4 17. Ng3 Bd7 18. cxd6 cxd6 19. b5 Rf6 20. Bd3 Raf8 21. Ra2 Bg4 22. Qb1 Bf3 23. Bf1 Bxd5 24. Rd2 Qf4 25.
Bc1 h5 26. Ne4 Bxe4 27. Rxe4 Qf5 28. Bc4+ Kh8 29. Qd3 Qd7 30. Bd5 Kh7 31. Bb2 Rf4 32. Bxd4 exd4 33. Rde2 Rxe4 34. Bxe4 Rf6 35. Qxd4 Re6 36.
Qd5 Re5 37. Qd3 Qe6 38. Bf3 Qf6 39. Bxh5 Rxh5 40. g3 Re5 41. Rc2 Re1+ 42. Kg2 Qe6 43. Rc4 d5 44. Rh4+ Kg8 45. Rf4 g5 46. Rb4 d4 47. f3 Qe2+ 48. Qxe2 Rxe2+ 49. Kh3 d3 50. Re4 d2 51. Rxe2 d1=Q 52. Re4 Qd7+ 53. Rg4 a6 54. Kg2 axb5 55. axb5 Qxb5 56. h4 gxh4 57. Rxh4 Qb2+ 58. Kh3 b5 59. f4 Qb1 60. Rg4 b4 61. Kh4 b3 62. Kg5 b2 63. f5 Qc1+ 64. Kg6 b1=Q 65. Rf4 Qc6+ 66. Kg5 Qh6+ 67. Kg4 Qd1+ 68. Rf3 Qdh1 69.
Rf4 Q1h5# 0-1

[Event "*** Titled Tuesday Blitz"]
[Site "Chess.com"]
[Date "2021.02.16"]
[Round "5"]
[White "woodhy"]
[Black "bennyficial"]
[Result "1-0"]
[WhiteElo "2469"]
[BlackElo "2221"]
[TimeControl "180+1"]
[EndTime "10:59:19 PST"]
[Termination "woodhy won by resignation"]

1. e4 c5 2. Nf3 Nc6 3. d4 cxd4 4.
Nxd4 Nf6 5. Nc3 e5 6. Ndb5 d6 7.
Bg5 a6 8. Na3 b5 9. Bxf6 gxf6 10. Nd5 Bg7 11. c3 f5 12. Bd3 Ne7 13. Ne3 f4 14. Nf1 d5 15. Nc2 Bb7 16. Qe2 dxe4 17. Bxe4 Bxe4 18. Qxe4 f5 19. Qf3 O-O 20. Rd1 Qc7 21. Nd2 e4 22. Qh3 Ng6 23. O-O f3 24. g3 Rf6 25. Ne3 Qf7 26. Nb3 Ne5 27. Rd5 Re8 28. Nd4 f4 29. gxf4 Rxf4 30. Kh1 Rf8 31. Rg1 Ng6 32. Ne6 Rh4 33. Qxh4 Nxh4 34. Rxg7+ Qxg7 35. Nxg7 Kxg7 36. Re5 Rd8 37. Rxe4 Ng6 38. h4 Rd2 39. h5 Nf8 40. Rg4+ Kf7 41. Rf4+ Kg7 42. h6+ Kg8 43. Nf5 Ng6 44. Rxf3 Rxb2 45. Nd4 Rxa2 46.
Rf6 Rd2 47. Rxa6 b4 48. Nf3 Rd1+ 49. Kg2 bxc3 50. Rc6 Rd3 51. Ng5 Nf8 52. Rc7 Ng6 53. Rg7+ Kf8 54. Nxh7+ Ke8 55. Rc7 Ne5 56. Nf6+ Kd8 57.
h7 Ng6 58. Rc4 Rd6 59. Ne4 Re6 60. Rd4+ Ke8 61. Nxc3 Rf6 62. Rg4 Nf4+ 63. Rxf4 Rg6+ 64. Kf3 Rh6 65. Re4+ Kd7 66. Rf4 Rxh7 67. Ne4 Kc7 68. Nf6 Kd6 69. Nxh7 1-0

[Event "*** Titled Tuesday Blitz"]
[Site "Chess.com"]
[Date "2021.02.16"]
[Round "5"]
[White "crazy_but_lazy"]
[Black "QuintilianoR"]
[Result "0-1"]
[WhiteElo "2500"]
[BlackElo "2705"]
[TimeControl "180+1"]
[EndTime "10:59:22 PST"]
[Termination "QuintilianoR won by resignation"]

1. e4 c5 2. Nf3 d6 3. d4 cxd4 4. Nxd4 Nf6 5. Nc3 a6 6. g3 e5 7. Nb3 Be7 8. Bg2 O-O 9. O-O b5 10. a4 b4 11. Nd5 Nxd5 12. Qxd5 Ra7 13. Be3 Be6 14. Qd2 Rb7 15. Rfd1 a5 16. h3 Qc7 17. f4 f6 18. f5 Bf7 19. g4 Nd7 20. Qf2 Ra8 21.
Bf1 Nb6 22. Nd2 d5 23. exd5 Nxd5 24. Ne4 Nxe3 25. Qxe3 Rd8 26. c3 bxc3 27. Qxc3 Qb6+ 28. Kh1 Rc7 29. Rxd8+ Bxd8 30. Qd2 Be7 31. Rc1 Rxc1 32.
Qxc1 h6 33. Bc4 Bxc4 34. Qxc4+ Kh7 35. b3 Qe3 36. Kg2 Bd8 37. Qf7 Qxe4+ 38. Kg3 Qf4+ 39.
Kg2 Qd2+ 40. Kg3 Qd6 41. Qg6+ Kg8 42. Qe8+ Qf8 43. Qe6+ Kh8 44. h4 Bc7 45. Kh3 Qd8 46. g5 hxg5 47. hxg5 Qd3+ 48. Kg4 Qe2+ 49. Kh4 Qh2+ 50.
Kg4 Qf4+ 51. Kh3 Qxg5 52. Qc8+ Kh7 53. Qxc7 Qxf5+ 54. Kg2 Qe4+ 55. Kh2 Qe2+ 56. Kg1 Qe3+ 57. Kg2 Qxb3 58. Qxa5 Qc2+ 59. Kh3 Qf5+ 60. Kg2 Qg4+ 61. Kf2 e4 62. Qc5 Qf3+ 63. Kg1 e3 64. Qc2+ g6 65. Qc7+ Kh6 66. Qh2+ Kg5 67. Qc7 Qf2+ 68. Kh1 e2 69. Qc5+ Qxc5 0-1

[Event "*** Titled Tuesday Blitz"]
[Site "Chess.com"]
[Date "2021.02.16"]
[Round "5"]
[White "korbul"]
[Black "Vamostodorecto"]
[Result "1-0"]
[WhiteElo "2593"]
[BlackElo "2421"]
[TimeControl "180+1"]
[EndTime "10:59:24 PST"]
[Termination "korbul won by resignation"]

1. d4 Nf6 2. c4 c5 3. d5 e6 4. Nc3 exd5 5. cxd5 d6 6. e4 g6 7. f3 Bg7 8. Bg5 O-O 9. Qd2 a6 10. a4 Qa5 11. Ra3 Nbd7 12. Nh3 Ne5 13. Nf2 Re8 14. Be2 Bd7 15. O-O Qb4 16. a5 Nc4 17. Bxc4 Qxc4 18.
Rc1 Qd4 19. Be3 Qxd2 20. Bxd2 Bb5 21. Na4 Nd7 22. Bc3 Bxa4 23. Rxa4 Ne5 24. f4 Bh6 25. Bd2 Rac8 26. Rc2 Nd7 27. g3 f5 28. Bc3 Bg7 29.
Kg2 Bxc3 30. bxc3 Nf6 31. exf5 Nxd5 32. Rb2 Nxc3 33. Rc4 Nb5 34. fxg6 hxg6 35. Rd2 Re3 36. Ng4 Ra3 37. Nf6+ Kf7 38. Nd5 Rxa5 39. g4 Re8 40. f5 gxf5 41. Rf4 Re4 42. Rxf5+ Ke6 43. Nf4+ Kd7 44.
Kf3 Rd4 45. Re2 Ra3+ 46. Kg2 Kc6 47. g5 Raa4 48. Ne6 Nc3 49. Nxd4+ cxd4 50. Rd2 Ne4 51.
Rd3 Ra2+ 52. Kf3 Nc5 53. Rxd4 Ra3+ 54. Kg4 Ne6 55. Rf6 Nxd4 56. g6 Ra4 57. Kg5 Nb5 58. g7 Ra1 59. Rf4 Rg1+ 60. Rg4 Rf1 61. g8=Q Nd4 62.
Qc8+ Kb6 63. Rxd4 Ka7 64. Rxd6 Rf8 65. Qxf8 1-0

[Event "*** Titled Tuesday Blitz"]
[Site "Chess.com"]
[Date "2021.02.16"]
[Round "5"]
[White "Anton_Demchenko"]
[Black "juancruzarias"]
[Result "1-0"]
[WhiteElo "2904"]
[BlackElo "2643"]
[TimeControl "180+1"]
[EndTime "10:59:25 PST"]
[Termination "Anton_Demchenko won by resignation"]

1. e4 e6 2. d4 d5 3. Nd2 Be7 4. Ngf3 Nf6 5. e5 Nfd7 6. Bd3 c5 7. c3 Nc6 8. O-O a5 9. a4 b6 10. Re1 cxd4 11. cxd4 Nb4 12. Bb5 Ba6 13. Nb1 Bxb5 14.
axb5 Rc8 15. Nc3 Rc7 16. h3 O-O 17. Qe2 Qc8 18. h4 Re8 19. Bf4 Rc4 20. Qd2 f6 21.
exf6 Bxf6 22. Re2 Nf8 23. h5 Qd7 24. h6 Ng6 25. Bg5 Bxg5 26. Qxg5 gxh6 27. Qxh6 Qg7 28. Qg5 Nf8 29. Qd2 Ng6 30. Qg5 Nf8 31. Qh5 Qg6 32.
Qh2 Qg7 33. Rd1 Ng6 34. Qd6 Kh8 35. g3 Rf8 36. Ng5 Rxd4 37. Rxd4 Qxd4 38. Qc7 Qg7 39. Qxg7+ Kxg7 40. Nxe6+ Kf6 41. Nxf8 Nxf8 42. Re8 Nd7 43. Rh8 Nd3 44. Nxd5+ Ke5 45. Rxh7 N7c5 46. Nxb6 Nxb2 47. Nd7+ Kd6 48. Nxc5 Kxc5 49. Rh5+ Kb6 50. Rh8 Kb7 51. Rh6 Nd3 52. Ra6 Nc5 53. Rxa5 Kb6 54. Ra8 Kxb5 55.
g4 Kc4 56. Rc8 Kd5 57. Rxc5+ Kxc5 58. Kg2 Kd5 59. Kg3 Ke5 60. f4+ Kf6 61. Kh4 Kg6 62.
f5+ Kh6 63. g5+ Kg7 64. Kh5 Kh7 65. f6 Kh8 66. Kg6 Kg8 67. Kf5 Kh8 68. g6 Kg8 69. Ke6 Kh8 70. Ke7 Kg8 71. f7+ 1-0

[Event "*** Titled Tuesday Blitz"]
[Site "Chess.com"]
[Date "2021.02.16"]
[Round "5"]
[White "Frolyanov_D"]
[Black "Beca95"]
[Result "1/2-1/2"]
[WhiteElo "2659"]
[BlackElo "2902"]
[TimeControl "180+1"]
[EndTime "10:59:26 PST"]
[Termination "Game drawn - insufficient material"]

1. d4 Nf6 2. c4 c5 3. d5 e5 4. Nc3 d6 5. g3 h5 6. h4 g6 7. Bg5 Bg7 8. Bh3 Bxh3 9. Nxh3 O-O 10. f3 Nbd7 11. Nf2 Qb6 12. Qc2 Nh7 13. g4 f5 14.
gxh5 gxh5 15. Rg1 Kh8 16. O-O-O e4 17. Nh3 Ne5 18. Nf4 exf3 19. exf3 Nxf3 20. Ng6+ Kg8 21. Ne7+ Kh8 22. Ng6+ Kg8 23. Nxf8 Rxf8 24. Bh6 Nxg1 25.
Rxg1 Rf7 26. Qg2 Qc7 27. Nb5 Qe7 28. Nxd6 Qxd6 29. Bxg7 Qf4+ 30. Kb1 Qg4 31. Bh6 Qxg2 32. Rxg2+ Kh8 33. Bf4 Nf6 34. Rg5 Ne4 35. Rxh5+ Kg7 36. d6 b6 37. a3 a5 38. Kc2 a4 39. d7 Rxd7 40. Rxf5 Kg6 41. Rd5 Rf7 42. h5+ Kh7 43.
Be3 Rf3 44. Kd3 Ng3 45. Rd7+ Kg8 46. Rd8+ Kh7 47. Rd7+ Kg8 48. h6 Nf5 49. Ke4 Rxe3+ 50. Kxf5 Re2 51. Kg6 Rg2+ 52. Kf6 Rxb2 53. Kg6 Rg2+ 54. Kf6 Kh8 55. Rb7 Ra2 56. Kg6 Rg2+ 57. Kf5 Rf2+ 58. Ke5 Ra2 59. Rxb6 Rxa3 60. Kd5 Ra1 61. Ra6 a3 62. Kxc5 a2 63. Ra4 Kh7 64. Ra6 Kh8 65. Ra7 Kg8 66. h7+ Kh8 67. Kc6 Rc1 68.
Rxa2 Rxc4+ 69. Kd5 Rc7 70. Rh2 Rxh7 71. Rxh7+ Kxh7 1/2-1/2

[Event "*** Titled Tuesday Blitz"]
[Site "Chess.com"]
[Date "2021.02.16"]
[Round "5"]
[White "Vuk2000"]
[Black "GM_LOADING"]
[Result "0-1"]
[WhiteElo "2681"]
[BlackElo "2496"]
[TimeControl "180+1"]
[EndTime "10:59:26 PST"]
[Termination "GM_LOADING won by resignation"]

1. d4 Nf6 2. Bg5 Ne4 3. Bf4 d5 4. e3 c5 5. Bd3 Nf6 6. c3 Nc6 7. Nd2 Bg4 8. Ngf3 e6 9. O-O Bd6 10. Bg3 O-O 11. Qe2 Re8 12. e4 Bxg3 13. hxg3 dxe4 14. Nxe4 cxd4 15. Rad1 dxc3 16. bxc3 Qe7 17. Qc2 g6 18. Nxf6+ Qxf6 19. Be4 Red8 20. Rb1 Rab8 21.
Qa4 Bxf3 22. Bxf3 Qxc3 23. Rfc1 Qe5 24. Bxc6 bxc6 25. Qxa7 Rxb1 26. Rxb1 Rd2 27. a4 Ra2 28. Qa8+ Kg7 29. Qxc6 Qd4 30. Qf3 Rxa4 31. Kh2 Ra2 32. Rb7 Qf6 33. Qxf6+ Kxf6 34. f3 h5 35. Kh3 Ra4 36.
Rb5 Ra1 37. g4 Rh1+ 38. Kg3 h4+ 39. Kf2 e5 40. Rb8 Kg5 41. Rb5 f6 42. Rc5 Ra1 43. Rc4 f5 44. gxf5 gxf5 45. f4+ exf4 46. Rc8 Ra2+ 47.
Kf3 Ra3+ 48. Kf2 f3 49. gxf3 Ra2+ 50. Ke3 h3 51. Rg8+ Kh4 52. Rh8+ Kg3 53. Rg8+ Kh2 54.
Kf4 Rg2 55. Rh8 Rf2 56. Rg8 Kh1 57. Rg5 h2 58. Rg6 Rg2 59. Rh6 Kg1 60. Kxf5 h1=Q 61. Rxh1+ Kxh1 62. f4 Kh2 63. Ke6 Kg3 64. f5 Re2+ 65.
Kd7 Rf2 66. Ke6 Kg4 67. f6 Kg5 68. f7 Kg6 0-1